 Dungeon Crawl Stone Soup version 0.21.1-1-g345015fe64 (webtiles) character file.

15780 RUZZLEFAZAZZLE the Cleaver (level 12, -16/110 HPs)
             Began as a Hill Orc Fighter on Feb 6, 2018.
             Was a High Priest of Okawaru.
             Demolished by an orc knight
             ... wielding a +0 bardiche
              (28 damage)
             ... on level 2 of the Orcish Mines.
             The game lasted 00:35:16 (9693 turns).

RUZZLEFAZAZZLE the Cleaver (Hill Orc Fighter)       Turns: 9693, Time: 00:35:16

Health: -16/110    AC: 20    Str: 24    XL:     12   Next: 30%
Magic:  29/29      EV:  6    Int: 13    God:    Okawaru [*****.]
Gold:   1405       SH: 13    Dex: 10    Spells: 11/11 levels left

rFire    . . .     SeeInvis .   n - +2 broad axe (chop)
rCold    + . .     Gourm    .   c - +1 shield
rNeg     . . .     Faith    .   A - +0 plate armour
rPois    .         Spirit   .   w - +3 hat of Pondering {ponderous, MR+ MP+10 Int+5}
rElec    .         Reflect  .   J - +0 cloak
rCorr    .         Harm     .   e - +0 pair of gloves
MR       +....                  (no boots)
Stlth    ..........             b - amulet of regeneration
HPRegen  0.68/turn              g - ring of wizardry
MPRegen  0.21/turn              F - ring of protection from cold

@: very slightly contaminated, invisible, slow
A: no striking features
a: Heroism, Finesse, Renounce Religion


You were on level 2 of the Orcish Mines.
You worshipped Okawaru.
Okawaru was extremely pleased with you.
You were hungry.

You visited 2 branches of the dungeon, and saw 12 of its levels.
You also visited: Sewer and Ossuary.

You collected 1405 gold pieces.

Inventory:

Hand Weapons
 n - a +2 broad axe of chopping (weapon)
 o - a +2 war axe of protection
Missiles
 l - 8 javelins of returning (quivered)
Armour
 c - a +1 shield (worn)
 e - a +0 pair of gloves (worn)
 w - the +3 hat of Pondering (worn) {ponderous, MR+ MP+10 Int+5}
   (You took it off Gastronok on level 8 of the Dungeon)

   It affects your intelligence (+5).
   It affects your resistance to hostile enchantments.
   It affects your magic capacity (+10).
 A - a +0 plate armour (worn)
 J - a +0 cloak (worn)
Jewellery
 b - an amulet of regeneration (around neck)
 g - a ring of wizardry (left hand)
 F - a ring of protection from cold (right hand)
Wands
 d - a wand of flame (20)
 B - a wand of polymorph (8)
 C - a wand of iceblast (9)
 G - a wand of paralysis (18)
Scrolls
 a - 6 scrolls of teleportation
 h - a scroll of fear
 i - 9 scrolls of remove curse
 k - a scroll of magic mapping
 m - 4 scrolls of fog
 y - a scroll of blinking
 H - a scroll of enchant weapon
Potions
 j - 2 potions of cancellation
 p - 2 potions of flight
 q - 2 potions of curing
 r - 2 potions of agility
 s - a potion of mutation
 t - 2 potions of invisibility
 u - 3 potions of brilliance
 v - a potion of might
 x - 3 potions of haste
 z - a potion of magic
 D - 2 potions of berserk rage {unknown}
 E - a potion of ambrosia {unknown}
Comestibles
 f - 24 rations
 K - 7 chunks of flesh


   Skills:
 + Level 11.5 Fighting
 + Level 12.0 Axes
 + Level 10.6 Armour
 + Level 10.6 Shields
 + Level 9.3 Invocations


You had 11 spell levels left.
You didn't know any spells.

Dungeon Overview and Level Annotations

Branches:
Dungeon (10/15)            Temple (0/1) D:6             Orc (2/2) D:9
   Lair: D:8-11         Elf: Orc:2

Altars:
Ashenzari
Gozag
Nemelex Xobeh
Okawaru
Qazlal
Trog
Uskayaw
Xom
Zin

Annotations:
D:10 Prince Ribbit


Message History

The orc knight unwields an uncursed bardiche.
The orc knight wields an arbalest.
The orc knight shoots a bolt.
The bolt hits the orc knight!
Items here: % )) [ a dagger; a great sword; a chain mail; a chunk of flesh
Things that are here:
a morningstar; a chain mail The orc knight no longer looks unusually strong.
The orc knight roars a battlecry!
The orc knight goes into a battle-frenzy!
The orc knight shoots a bolt.
The bolt hits the orc knight but does no damage.
The orc knight hits you from afar with a bardiche!!
* * * LOW HITPOINT WARNING * * *
Some of the chunks of flesh in your inventory have rotted away.
You feel better.
You fade further into invisibility.
The orc knight shoots a bolt.
The bolt closely misses the orc knight.
The orc knight hits you from afar with a bardiche!!
You die...

#..##'###......##
#)o.o.o.....#...#
#o# ##......##
###.###o# #.....##
......)o# #......#
###.###)# #..##.##
#.# #..####
###.###o#######..#
........).).o.@..#
......[).[.......#
##################


You could see 2 orc knights.

Vanquished Creatures
  Gastronok (D:8)
  3 two-headed ogres
  3 orc knights (Orc:2)
  2 orc sorcerers
  An ugly thing (D:10)
  Maurice (D:8)
  3 trolls
  Grinder (D:3)
  A hippogriff (D:8)
  Sigmund (D:3)
  A wyvern (D:8)
  A spriggan (D:7)
  6 yaks (D:8)
  Eustachio (D:4)
  2 wargs (Orc:2)
  18 orc warriors
  6 sky beasts
  Purgy (Sewer)
  17 ogres
  A black bear (D:7)
  An eye of draining (D:8)
  3 phantoms
  3 centaurs
  3 bullfrogs
  A gnoll sergeant (D:8)
  A water moccasin zombie (D:9)
  2 scorpions
  5 crimson imps
  2 centaur zombies
  2 jellies
  9 orc priests
  11 orc wizards
  8 hounds
  3 bullfrog skeletons
  An iguana (D:4)
  A centaur skeleton (D:8)
  7 worker ants
  A killer bee zombie (D:7)
  2 hound zombies (D:9)
  8 mummies (Ossuary)
  Robin (D:3)
  12 adders
  6 gnolls
  An ooze (D:3)
  2 adder skeletons
  3 worms
  A dart slug (D:2)
  9 leopard geckos
  71 orcs
  5 ball pythons
  8 giant cockroaches
  A gnoll zombie (Ossuary)
  18 goblins
  6 hobgoblins
  12 jackals
  2 quokkas
  4 bats
  6 frilled lizards
  3 hobgoblin zombies (Ossuary)
  9 kobolds
  3 kobold zombies (Ossuary)
  2 leopard gecko skeletons (D:4)
  An orc zombie (Ossuary)
  A quokka skeleton (D:8)
  7 rats
339 creatures vanquished.

Vanquished Creatures (others)
  4 toadstools (D:1)
4 creatures vanquished.

Grand Total: 343 creatures vanquished

Notes
Turn   | Place    | Note
-------+----------+-------------------------------------------
     0 | D:1      | RUZZLEFAZAZZLE the Hill Orc Fighter began the quest for the Orb.
     0 | D:1      | Reached XP level 1. HP: 19/19 MP: 1/1
   346 | D:1      | Reached XP level 2. HP: 27/27 MP: 2/2
   348 | D:1      | Reached skill level 3 in Axes
   558 | D:1      | Reached XP level 3. HP: 33/33 MP: 3/3
  1505 | D:2      | Reached XP level 4. HP: 40/40 MP: 4/4
  1902 | D:3      | Noticed Robin
  1913 | D:3      | Killed Robin
  2185 | D:3      | Reached skill level 4 in Axes
  2192 | D:3      | Found a sparkling altar of Nemelex Xobeh.
  2235 | D:3      | Reached XP level 5. HP: 28/47 MP: 5/5
  2503 | D:3      | Noticed Grinder
  2516 | D:3      | Killed Grinder
  2516 | D:3      | Reached skill level 5 in Fighting
  2516 | D:3      | Reached skill level 5 in Axes
  2516 | D:3      | Reached XP level 6. HP: 29/56 MP: 6/6
  2582 | D:3      | Noticed Sigmund
  2674 | D:3      | Killed Sigmund
  2674 | D:3      | Reached skill level 5 in Armour
  2674 | D:3      | Reached skill level 5 in Shields
  2674 | D:3      | Reached XP level 7. HP: 47/62 MP: 7/7
  2937 | D:3      | Found a bloodstained altar of Trog.
  3126 | D:4      | Found a glowing drain.
  3160 | Sewer    | Entered a sewer
  3374 | Sewer    | Noticed Purgy
  3382 | Sewer    | Killed Purgy
  3382 | Sewer    | Reached skill level 6 in Axes
  3491 | D:4      | Reached XP level 8. HP: 54/71 MP: 8/8
  3647 | D:4      | Found an iron altar of Okawaru.
  3660 | D:4      | Became a worshipper of Warmaster Okawaru
  3711 | D:4      | Noticed Eustachio
  3718 | D:4      | Killed Eustachio
  3852 | D:4      | Reached skill level 7 in Axes
  4193 | D:5      | Entered Level 5 of the Dungeon
  4208 | D:5      | Reached * piety under Okawaru
  4287 | D:5      | Found a shattered altar of Ashenzari.
  4382 | D:5      | Reached XP level 9. HP: 71/80 MP: 9/9
  4644 | D:5      | Reached skill level 8 in Axes
  4732 | D:6      | Found a sand-covered staircase.
  4762 | D:6      | Reached skill level 1 in Invocations
  4783 | Ossuary  | Entered an ossuary
  4839 | Ossuary  | Reached ** piety under Okawaru
  5131 | D:6      | Found a staircase to the Ecumenical Temple.
  5795 | D:7      | Found a hide-covered altar of Uskayaw.
  6199 | D:7      | Reached skill level 9 in Axes
  6320 | D:7      | Reached *** piety under Okawaru
  6320 | D:7      | Reached XP level 10. HP: 88/90 MP: 11/13
  6734 | D:8      | Paralysed by an orc for 5 turns
  6759 | D:8      | Noticed Prince Ribbit
  6879 | D:8      | Reached skill level 5 in Invocations
  6904 | D:8      | Found a stormy altar of Qazlal.
  6919 | D:8      | Noticed Maurice
  6938 | D:8      | Killed Maurice
  6938 | D:8      | Received a gift from Okawaru
  7119 | D:8      | Noticed Gastronok
  7146 | D:8      | Killed Gastronok
  7146 | D:8      | Reached skill level 10 in Axes
  7252 | D:8      | Reached **** piety under Okawaru
  7364 | D:9      | Reached skill level 10 in Fighting
  7457 | D:9      | Reached XP level 11. HP: 95/99 MP: 15/15
  7473 | D:9      | Noticed a two-headed ogre
  7588 | D:8      | Killed a two-headed ogre
  7855 | D:8      | Reached skill level 11 in Axes
  7863 | D:8      | Received a gift from Okawaru
  7886 | D:8      | Reached ***** piety under Okawaru
  8276 | D:9      | Found a staircase to the Orcish Mines.
  8457 | D:9      | Found an opulent altar of Gozag.
  8458 | D:9      | Found a glowing silver altar of Zin.
  8543 | D:10     | Entered Level 10 of the Dungeon
  8588 | D:10     | Found a shimmering altar of Xom.
  8613 | D:10     | Noticed a green ugly thing
  8633 | D:10     | Killed a green ugly thing
  8699 | Orc:1    | Entered Level 1 of the Orcish Mines
  8723 | Orc:1    | Noticed a two-headed ogre
  8732 | D:9      | Reached skill level 10 in Shields
  8744 | Orc:1    | Noticed a two-headed ogre
  8823 | Orc:1    | Killed a two-headed ogre
  8823 | Orc:1    | Reached skill level 10 in Armour
  8829 | Orc:1    | Noticed an orc sorcerer
  8831 | D:9      | Killed a two-headed ogre
  8831 | D:9      | Received a gift from Okawaru
  9043 | Orc:1    | Paralysed by an orc sorcerer for 5 turns
  9052 | D:9      | Killed an orc sorcerer
  9141 | Orc:1    | Noticed an orc sorcerer
  9146 | Orc:1    | Killed an orc sorcerer
  9146 | Orc:1    | Reached XP level 12. HP: 103/110 MP: 18/18
  9350 | Orc:2    | Entered Level 2 of the Orcish Mines
  9637 | Orc:2    | Received a gift from Okawaru
  9637 | Orc:2    | Reached skill level 12 in Axes
  9691 | Orc:2    | HP: 3/110 [orc knight/bardiche (27)]
  9693 | Orc:2    | Demolished by an orc knight

Skill      XL: |  1  2  3  4  5  6  7  8  9 10 11 12 |
---------------+-------------------------------------+-----
Axes           | 3 4 5 6 7 9 10 11 12 | 12.0
Fighting       | 4 5 6 7 8 10 11 | 11.5
Shields        | 4 5 7 8 9 10 | 10.6
Armour         | 4 5 6 8 9 10 | 10.6
Invocations    | 4 6 8 9 |  9.3

Action                   |  1- 3 |  4- 6 |  7- 9 | 10-12 || total
-------------------------+-------+-------+-------+-------++-------
Melee: War axe           |    90 |   106 |   424 |   341 ||   961
       Unarmed           |       |       |       |     4 ||     4
       Broad axe         |       |       |       |   130 ||   130
Invok: Heroism           |       |       |       |    10 ||    10
Evoke: Wand              |       |       |       |     2 ||     2
  Use: Scroll            |     2 |     9 |    12 |     2 ||    25
       Potion            |       |     1 |       |     7 ||     8
  Eat: Chunk             |     2 |     4 |    12 |     8 ||    26
       Ration            |       |       |       |     1 ||     1
Armor: Scale mail        |    40 |    23 |       |       ||    63
       Chain mail        |       |     8 |   115 |       ||   123
       Plate armour      |       |       |    91 |   232 ||   323
Dodge: Dodged            |    32 |    26 |    60 |   104 ||   222
Block: Shield            |    47 |    47 |   228 |   325 ||   647
